 Dungeon Crawl Stone Soup version 0.30-a0-165-g1891117ce2 (webtiles) character file.

Game seed: 6068233918628137143

5 spaghetti the Stinger (level 1, 3/13 HPs)
             Began as a Demonspawn Venom Mage on Sept 28, 2022.
             Quit the game on level 1 of the Dungeon.
             The game lasted 00:00:28 (166 turns).

spaghetti the Stinger (Demonspawn Venom Mage)        Turns: 166, Time: 00:00:28

Health: 3/13       AC:  2    Str:  8    XL:     1   Next: 66%
Magic:  0/3        EV: 12    Int: 16    God:
Gold:   11         SH:  0    Dex: 13    Spells: 3/4 levels left

rFire   . . .      SeeInvis .    (no weapon)
rCold   . . .      Faith    .    (no shield)
rNeg    . . .      Spirit   .    a - +0 robe
rPois   .          Reflect  .    (no helmet)
rElec   .          Harm     .    (no cloak)
rCorr   .          Rampage  .    (no gloves)
Will    .....                    (no boots)
Stlth   ++........               (no amulet)
HPRegen 0.04/turn                (no ring)
MPRegen 0.08/turn                (no ring)

@: no status effects
A: no striking features
a: no special abilities


You were on level 1 of the Dungeon.
You visited 1 branch of the dungeon, and saw 1 of its levels.

You collected 11 gold pieces.


   Skills:
 - Level 1.7 Dodging
 - Level 1.7 Stealth
 + Level 2.2 Spellcasting
 - Level 0.8 Transmutations
 + Level 3.2 Poison Magic


You had 3 spell levels left.
You knew the following spells:

 Your Spells              Type           Power      Damage    Failure   Level
a - Sting                 Tmut/Pois      32%        1d4       9%          1

Your spell library contained the following spells:

 Spells                   Type           Power      Damage    Failure   Level
 Poisonous Vapours        Pois/Air       12%        N/A       16%         2
 Mephitic Cloud           Conj/Pois/Air  5%         N/A       36%         3
 Olgreb's Toxic Radiance  Pois           12%        N/A       47%         4

Inventory:

Armour
 a - a +0 robe (worn)
Potions
 b - a potion of magic
 c - a potion of mutation {unknown}

Dungeon Overview and Level Annotations

Branches:
Dungeon (1/15) Zot: 5834

Altars:

♣..... ..........#
♣.†... .........#
♣..... ........#
♣♣.... .......# ♣....
......### ♣♣...
..>...!# ♣...
#KK....# ♣...
#@.....# ♣...
#......# #...
#......# #...
#......# #...
##)...†.#### #...
........†....## #..#
.##.....####..####..#
+....!# ##....#..#
#.....# ####....#


You could see 2 kobolds.


Message History

Casting: Sting (safe; 10% risk of failure)
Confirm with . or Enter, or press ? or * to list all spells.
Aiming: Sting (safe; 10% risk of failure)
Press: ? - help, Shift-Dir - straight line, f - giant cockroach
Aim: a giant cockroach (68% to hit)
The sting hits the giant cockroach.
The giant cockroach is poisoned.
The giant cockroach closely misses you. 😕 MP[-1]
You lost 1 mp, and now have 2/3 mp.
Casting: Sting (safe; 10% risk of failure)
Confirm with . or Enter, or press ? or * to list all spells.
Aiming: Sting (safe; 10% risk of failure)
Press: ? - help, Shift-Dir - straight line, f/p - giant cockroach
Aim: a giant cockroach (severely wounded, poisoned, 68% to hit)
The sting hits the giant cockroach but does no damage.
The giant cockroach looks even sicker.
You kill the giant cockroach!
The hobgoblin misses you. 😕 MP[-1]
You lost 1 mp, and now have 1/3 mp.
Casting: Sting (safe; 9% risk of failure)
Confirm with . or Enter, or press ? or * to list all spells.
Aiming: Sting (safe; 9% risk of failure)
Press: ? - help, Shift-Dir - straight line, f - hobgoblin
Aim: a hobgoblin (68% to hit)
The sting hits the hobgoblin.
The hobgoblin is poisoned.
The hobgoblin hits you but does no damage. 😎 HP[+1] MP[-1]
Your hp is fully restored (13).
You lost 1 mp, and now have 0/3 mp.
Casting: Sting (safe; 9% risk of failure)
Confirm with . or Enter, or press ? or * to list all spells.
You don't have enough magic to cast this spell.
Casting: Sting (safe; 9% risk of failure)
Confirm with . or Enter, or press ? or * to list all spells.
You don't have enough magic to cast this spell.
Casting: Sting (safe; 9% risk of failure)
Confirm with . or Enter, or press ? or * to list all spells.
You don't have enough magic to cast this spell.
A hobgoblin is nearby!
You hit the hobgoblin. The hobgoblin hits you. 😕 HP[-1]
You take 1 damage, and now have 12/13 hp.
You closely miss the hobgoblin.
You kill the hobgoblin!
You see here a hobgoblin corpse.
A kobold comes into view. It is wielding a +0 club.
The kobold shouts!
A rat comes into view.
There are monsters nearby!
There are monsters nearby!
There are monsters nearby!
There are monsters nearby!
A kobold comes into view. It is wielding a +0 club.
Casting: Sting (safe; 9% risk of failure)
Confirm with . or Enter, or press ? or * to list all spells.
You don't have enough magic to cast this spell.
The kobold barely misses you.
You barely miss the kobold. The kobold hits you but does no damage.
The kobold shouts!
You hit the kobold but do no damage. The kobold closely misses you.
You hit the kobold but do no damage. The kobold closely misses you. 😕 MP[+1]
You closely miss the kobold. The kobold closely misses you.
You closely miss the kobold. The kobold hits you with a +0 club.
The kobold closely misses you. 😮 HP[-4]
You take 4 damage, and now have 8/13 hp.
MASSIVE DAMAGE!! (PAUSE)
Casting: Sting (safe; 9% risk of failure)
Confirm with . or Enter, or press ? or * to list all spells.
Aiming: Sting (safe; 9% risk of failure)
Press: ? - help, Shift-Dir - straight line, f - kobold
Aim: a kobold, wielding a +0 club (60% to hit)
The sting misses the kobold.
The sting hits the rat.
The rat is poisoned.
You kill the rat!
The kobold misses you. The kobold closely misses you. 😮 MP[-1]
You lost 1 mp, and now have 0/3 mp.
Casting: Sting (safe; 9% risk of failure)
Confirm with . or Enter, or press ? or * to list all spells.
You don't have enough magic to cast this spell.
Casting: Sting (safe; 9% risk of failure)
Confirm with . or Enter, or press ? or * to list all spells.
You don't have enough magic to cast this spell.
Casting: Sting (safe; 9% risk of failure)
Confirm with . or Enter, or press ? or * to list all spells.
You don't have enough magic to cast this spell.
You hit the kobold but do no damage. The kobold barely misses you.
The kobold hits you with a +0 club. 😮 HP[-1]
You take 1 damage, and now have 7/13 hp.
You hit the kobold but do no damage. The kobold barely misses you.
The kobold hits you but does no damage.
You completely miss the kobold. The kobold hits you with a +0 club.
* * * LOW HITPOINT WARNING * * *
The kobold barely misses you. 😱 HP[-4]
You take 4 damage, and now have 3/13 hp.
MASSIVE DAMAGE!! (PAUSE) Are you sure you want to abandon this character and quit the game? (Confirm with "yes".)

Action                   || total
-------------------------++-------
Melee: Unarmed           ||    19
 Cast: Sting             ||     8
Armor: Robe              ||     7
Dodge: Dodged            ||    31

Levels and vault maps discovered:
D:1:      sevenhm_arrival_forest_fort_large_4, layout_basic,
          nicolae_ecumenical_lake_church

Notes
Turn   | Place    | Note
-------+----------+-------------------------------------------
     0 | D:1      | spaghetti the Demonspawn Venom Mage began the quest for the
                  | Orb.
     0 | D:1      | Reached XP level 1. HP: 13/13 MP: 3/3
     0 | D:1      | magus.rc [v1.9.6]
   165 | D:1      | HP: 3/13 [kobold/+0 club (4)]
   166 | D:1      | Quit the game

Vanquished Creatures
  A giant cockroach (D:1)
  A hobgoblin (D:1)
  2 bats (D:1)
  2 rats (D:1)
6 creatures vanquished.

Table legend:
 A = Non-vault XP
 B = Vault XP
 C = Vault XP percentage of total XP
 D = Non-vault monster count
 E = Vault monster count
 F = Vault count percentage of total count
                 A         B        C        D         E       F
            +---------+---------+-------+---------+---------+-------
      Total |       8 |       0 |   0.0 |       6 |       0 |   0.0
            +---------+---------+-------+---------+---------+-------
        D:1 |       8 |       0 |   0.0 |       6 |       0 |   0.0
            +---------+---------+-------+---------+---------+-------

Illustrated notes

Table legend:
 A = Kills in this place as a percentage of kills in entire the game.
 B = Kills by you in this place as a percentage of kills by you in the entire game.
 C = Kills by friends in this place as a percentage of kills by friends in the entire game.
 D = Other kills in this place as a percentage of other kills in the entire game.
 E = Experience gained in this place as a percentage of experience gained in the entire game.
 F = Experience gained in this place divided by the number of levels of this place that you have seen.
                   A       B       C       D       E      F
               +-------+-------+-------+-------+-------+----------------------
         Total | 100.0 | 100.0 |   N/A |   N/A | 100.0 |   8.0
       Dungeon | 100.0 | 100.0 |   N/A |   N/A | 100.0 |   8.0
               +-------+-------+-------+-------+-------+----------------------

Table legend: (Time is in decaauts)
 A = Elapsed time spent in this place.
 B = Non-inter-level travel time spent in this place.
 C = Inter-level travel time spent in this place.
 D = Time resting spent in this place.
 E = Time spent auto-exploring this place.
 F = Levels seen in this place.
 G = Mean time per level.
                   A        B        C        D        E       F      G
               +--------+--------+--------+--------+--------+-----+--------+
         Total |    166 |    166 |      0 |      0 |    112 |   1 |  166.0 |
       Dungeon |    166 |    166 |      0 |      0 |    112 |   1 |  166.0 |
               +--------+--------+--------+--------+--------+-----+--------+

Top non-repeatable levels by time:
     D:1: 166 daAuts
